 Dungeon Crawl Stone Soup version 0.28.0-53-g5a82cb258f (webtiles) character file.

Game seed: 15948556797132091468

47 gobodom the Skirmisher (level 3, 0/29 HPs)
             Began as a Demonspawn Cinder Acolyte on June 21, 2022.
             Was a High Priest of Ignis.
             Slain by a gnoll
             ... wielding a +0 halberd
              (11 damage)
             ... on level 2 of the Dungeon.
             The game lasted 00:02:48 (1575 turns).

gobodom the Skirmisher (Demonspawn Cinder Acolyte)  Turns: 1575, Time: 00:02:48

Health: 0/29       AC:  2    Str: 14    XL:     3   Next: 48%
Magic:  4/4        EV: 11    Int: 15    God:    Ignis [*****.]
Gold:   60         SH:  0    Dex: 10    Spells: 2/4 levels left

rFire   + . .      SeeInvis .   a - -1 hand axe (flame)
rCold   . . .      Faith    .   (no shield)
rNeg    . . .      Spirit   .   b - +0 robe
rPois   .          Reflect  .   (no helmet)
rElec   .          Harm     .   (no cloak)
rCorr   .          Rampage  .   (no gloves)
Will    .....                   (no boots)
Stlth   +.........              (no amulet)
HPRegen 0.09/turn               (no ring)
MPRegen 0.09/turn               (no ring)

@: no status effects
A: foul stench 1
a: Renounce Religion, Fiery Armour, Foxfire Swarm, Rising Flame


You were on level 2 of the Dungeon.
You worshipped Ignis.
Ignis was extremely pleased with you.
You visited 1 branch of the dungeon, and saw 2 of its levels.

You collected 60 gold pieces.

Inventory:

Hand Weapons
 a - a -1 hand axe of flaming (weapon)
Armour
 b - a +0 robe (worn)
 h - an orb of guile
Scrolls
 c - a scroll of identify {unknown}
Potions
 d - a potion of haste {unknown}
 e - 2 potions of mutation {unknown}
 f - 2 potions of degeneration {unknown}
 g - a potion of brilliance {unknown}


   Skills:
 + Level 3.5 Fighting
 + Level 3.4 Axes
 + Level 0.8 Dodging
 + Level 0.4 Stealth
 + Level 1.0 Spellcasting
 + Level 2.8 Fire Magic


You had 2 spell levels left.
You knew the following spells:

 Your Spells              Type           Power      Damage    Failure   Level
a - Scorch                Fire           18%        2d5       12%         2

Your spell library contained the following spells:

 Spells                   Type           Power      Damage    Failure   Level
 Sting                    Tmut/Pois      0%         1d3       24%         1
 Poisonous Vapours        Pois/Air       0%         N/A       36%         2
 Olgreb's Toxic Radiance  Pois           0%         N/A       94%         4


Dungeon Overview and Level Annotations

Branches:
Dungeon (2/15)

Altars:


Innate Abilities, Weirdness & Mutations

You may rarely emit foul miasma when damaged in melee.


Message History

You see here a +0 spear.
Done exploring.
There is a stone staircase leading down here.
You climb downwards.
There is a stone staircase leading up here.
The gnoll shouts!
You hear a shout!
The gnoll misses you.
You hit the gnoll. You burn the gnoll.
The gnoll is lightly wounded.
The gnoll hits you with a +0 flail!
A gnoll comes into view. It is wielding a +0 club.
You closely miss the gnoll.
The gnoll is lightly wounded.
You barely miss the gnoll. You hit the gnoll. You burn the gnoll.
You hit the goblin. You burn the goblin.
You kill the goblin!
The gnoll misses you.
A gnoll comes into view. It is wielding a +0 halberd.
The gnoll hits you with a +0 club!
You hit the gnoll. You burn the gnoll.
The gnoll is heavily wounded.
You barely miss the gnoll. The gnoll closely misses you.
The gnoll barely misses you. The gnoll hits you with a +0 club.
You closely miss the gnoll.
The gnoll is heavily wounded.
You hit the gnoll. You burn the gnoll. The gnoll barely misses you.
The gnoll misses you. x2
You hit the gnoll. You burn the gnoll.
You kill the gnoll!
You hit the gnoll. You burn the gnoll. The gnoll misses you.
The gnoll closely misses you.
You closely miss the gnoll.
The gnoll is severely wounded.
The gnoll closely misses you. x2; The gnoll misses you.
The gnoll closely misses you.
You closely miss the gnoll.
The gnoll is severely wounded.
The gnoll misses you.
The gnoll hits you from afar with a +0 halberd!
You die...

#. ......#
#.#≈.....#
#.#≈≈....#
#.#8≈....#
#.#≈≈....#
#.#≈.....# ###
#.#......#
..#...#g<......#
......)@.#######
#....g#### ##...
.... ###


You could see 2 gnolls.

Vanquished Creatures
  A gnoll (D:2)
  3 dart slugs (D:1)
  5 ball pythons (D:1)
  4 endoplasms (D:1)
  A giant cockroach (D:1)
  5 goblins
  A hobgoblin (D:1)
  3 kobolds (D:1)
  2 quokkas (D:1)
  A bat (D:1)
  2 frilled lizards (D:1)
  A rat (D:1)
29 creatures vanquished.

Vanquished Creatures (others)
  A plant (D:1)
1 creature vanquished.

Grand Total: 30 creatures vanquished

Notes
Turn   | Place    | Note
-------+----------+-------------------------------------------
     0 | D:1      | gobodom the Demonspawn Cinder Acolyte began the quest for
                  | the Orb.
     0 | D:1      | Reached XP level 1. HP: 18/18 MP: 2/2
   429 | D:1      | Gained mutation: You may rarely emit foul miasma when
                  | damaged in melee. [demonic ancestry]
   429 | D:1      | Reached XP level 2. HP: 23/24 MP: 3/3
   432 | D:1      | Learned a level 2 spell: Scorch
  1191 | D:1      | Reached XP level 3. HP: 23/29 MP: 4/4
  1575 | D:2      | Slain by a gnoll

Illustrated notes

Levels and vault maps discovered:
D:1:      zaba_arrival_water, layout_loops_ring, serial_bayou_pond_d,
          minmay_tromino_i2
D:2:      layout_rooms, basic_altar, chequers_serial_rivers_small_a,
          moated_statue, chequers_serial_rivers_micro_d

Skill      XL: |  1 |
---------------+----+-----
Axes           | 3 |  3.4
Fighting       | |  3.5
Dodging        | |  0.8
Stealth        | |  0.4
Spellcasting   | |  1.0
Fire Magic     | |  2.8

Action                   || total
-------------------------++-------
Melee: Hand axe          ||   101
       Punch             ||     2
Armor: Robe              ||    15
Dodge: Dodged            ||    63
